 Dungeon Crawl Stone Soup version 0.32-a0-893-gf85d74f360 (webtiles) character file.

Game seed: 1241114479749828486

4426 picklenugget the Summoner (level 10, -2/56 HPs)
             Began as a Deep Elf Summoner on Apr 3, 2024.
             Was a Priest of Beogh.
             Killed by divine providence
             ... invoked by Ugbert the orc apostle
              (12 damage)
             ... on level 8 of the Dungeon.
             The game lasted 00:15:41 (8148 turns).

picklenugget the Summoner (Deep Elf Summoner)       Turns: 8148, Time: 00:15:41

Health: -2/56      AC:  8    Str:  5    XL:     10   Next: 14%
Magic:  5/23       EV: 14    Int: 25    God:    Beogh [***...]
Gold:   443        SH:  5    Dex: 15    Spells: 13/23 levels left

rFire   . . .        E - staff of air
rCold   . . .        (no shield)
rNeg    . . .        a - +0 robe
rPois   .            (no helmet)
rElec   +            s - +1 cloak
rCorr   .            (no gloves)
SInv    .            (no boots)
Will    +....        l - amulet of reflection
Stlth   ++           c - +4 ring of protection
HPRegen 0.29/turn    (no ring)
MPRegen 0.18/turn

%: reflection
@: unable to call your familiar
A: no striking features
a: Renounce Religion, Smiting


You were on level 8 of the Dungeon.
You worshipped Beogh.
Beogh was most pleased with you.
You visited 2 branches of the dungeon, and saw 9 of its levels.
You also visited: Sewer.

You collected 540 gold pieces.
You spent 97 gold pieces at shops.

Inventory:

Armour
 a - a +0 robe (worn)
 d - +0 ice dragon scales
 s - a +1 cloak (worn)
Magical Staves
 E - a staff of air (weapon)
Jewellery
 c - a +4 ring of protection (left hand)
 l - an amulet of reflection (around neck)
 C - a ring of fire
Wands
 i - a wand of roots (4)
 q - a wand of polymorph (9)
 r - a wand of flame (33)
 J - a wand of charming (7)
Scrolls
 e - a scroll of fog
 g - a scroll of enchant weapon
 j - 3 scrolls of brand weapon
 k - 4 scrolls of teleportation
 m - 2 scrolls of blinking
 t - 2 scrolls of enchant armour
 w - a scroll of noise
 y - 2 scrolls of poison
 B - a scroll of butterflies
 D - a scroll of vulnerability {unknown}
 H - 2 scrolls of identify
 K - a scroll of revelation
Potions
 b - a potion of magic
 f - a potion of resistance
 h - a potion of might
 o - 3 potions of lignification {unknown}
 p - a potion of ambrosia {unknown}
 u - a potion of mutation {unknown}
 v - 3 potions of berserk rage
 x - a potion of haste {unknown}
 z - a potion of curing {unknown}
 A - a potion of degeneration {unknown}
 F - a potion of brilliance {unknown}
 G - a potion of attraction {unknown}
 I - a potion of enlightenment {unknown}


   Skills:
 + Level 4.1 Fighting
 + Level 6.6 Dodging
 - Level 2.4 Stealth
 + Level 7.4 Spellcasting
 * Level 9.1 Summonings
 * Level 7.5 Air Magic
 * Level 6.5 Invocations


You had 13 spell levels left.
You knew the following spells:

 Your Spells              Type           Power      Damage    Failure   Level
a - Summon Small Mammal   Summ           100%       N/A       1%          1
b - Call Imp              Summ           100%       N/A       1%          2
c - Call Canine Familiar  Summ           53%        N/A       1%          3
e - Summon Lightning Spi  Summ/Air       66%        N/A       1%          4

Your spell library contained the following spells:

 Spells                   Type           Power      Damage    Failure   Level
 Summon Blazeheart Golem  Fire/Summ      32%        N/A       10%         4
 Teleport Other           Tloc           9%         N/A       19%         3
 Dispersal                Tloc           4%         N/A       100%        6
 Gell's Gavotte           Tloc           4%         2d(13-19) 100%        6


Dungeon Overview and Level Annotations

Branches:
Dungeon (8/15) Zot: 26494  Temple (1/1) D:5 Zot: 5998   Sewer (visited)
   Lair: D:8-11

Altars:
Ashenzari
Cheibriados
Dithmenos
Elyvilon
Fedhas
Gozag
Hepliaklqana
Kikubaaqudgha
Makhleb
Nemelex Xobeh
Okawaru
Qazlal
Ru
Sif Muna
Trog
Uskayaw
Vehumet
Wu Jian
Xom
Yredelemnul
The Shining One

Shops:
D:5 *

Annotations:
D:4 2 transporters, Tanttac's ghost, weakling OpSh


Message History

Ugbert calls down the wrath of Beogh upon you.
Beogh smites you!
* * * LOW HITPOINT WARNING * * *
Unknown command.
Unknown command.
The grasping roots constrict Ugbert.
Your quokka misses the cerulean imp.
The cerulean imp closely misses your cerulean imp.
Ugbert struggles to escape constriction.
Your cerulean imp hits Ugbert from afar with a +1 spear.
Your quokka bites the cerulean imp.
The cerulean imp dies!
The cerulean imp disappears in a puff of smoke!
Unknown command.
The grasping roots constrict Ugbert.
You grasping roots sink back into the ground.
Ugbert invokes the aid of Beogh against your cerulean imp.
Your cerulean imp is smitten.
Your cerulean imp dies!
Your cerulean imp disappears in a puff of smoke!
Your lightning spire shoots out a bolt of lightning at Ugbert!
The bolt of electricity misses Ugbert.
Unknown command.
Ugbert mumbles some strange prayers to Beogh against your quokka.
Your quokka is smitten.
Your quokka dies!
Your quokka's corpse disappears in a puff of smoke!
Your lightning spire shoots out a bolt of lightning at Ugbert!
The bolt of electricity hits Ugbert.
Ugbert resists.
Unknown command.
Unknown command.
Aiming: Fastroot
Press: ? - help, Shift-Dir - straight line, f - Ugbert
Aim: Ugbert the orc apostle, wielding the +1 war axe "Suokey" {spect, +Blink rElec Str+6} and wearing a +2 leather armour (grey smoke, almost dead, not watching you, ally target, empowered by the touch of Beogh)
The roots erupt in riotous growth!
Roots grab Ugbert.
The grasping roots constrict Ugbert.
Ugbert mumbles some strange prayers to Beogh against you.
Beogh smites you!
You die...
Beogh appreciates Ugbert's killing of a heretic priest.

.......# ####### #......#
#...... #......+ #......
+......# #...... ...# #......#
#...... #....# #..I...#
#...... #....#
#...§..###+#)..... ##....#
#.....o.......####
......##########@....§.....<.#
.............................#
.............................#
.......................).....#
.............................#
'###......##'#####....########
...#....[.#......#....#
...#......#......#....#
...#......#......#....#


You could see Ugbert the orc apostle (rooted, ally target, divinely empowered)
and a friendly lightning spire (summoned).

Vanquished Creatures
  An ufetubus (D:7)
  An orc (D:4)
  2 giant cockroaches
  A hobgoblin (D:1)
  A frilled lizard (D:3)
  A rat (D:2)
7 creatures vanquished.

Vanquished Creatures (collateral kills)
  A boulder beetle (D:8)
  A two-headed ogre (D:8)
  A troll (D:7)
  A steam dragon (D:7)
  A water moccasin (D:7)
  2 sky beasts (D:7)
  An ice beast (D:5)
  An orc warrior (D:7)
  A black bear (D:6)
  An ogre (D:5)
  3 centaurs
  4 bullfrogs
  A scorpion (D:6)
  A gnoll sergeant (D:8)
  8 wights
  9 killer bees (D:7)
  A bombardier beetle (D:3)
  7 hounds
  4 orc priests
  4 iguanas
  Ijyb (D:3)
  Jessica (D:3)
  Natasha (D:3)
  Terence (D:3)
  8 gnolls
  8 adders
  3 shadow imps (D:7)
  An ufetubus (D:7)
  9 dart slugs
  5 orcs
  14 endoplasms
  12 giant cockroaches
  7 goblins
  4 hobgoblins
  2 jackals (D:3)
  6 kobolds
  7 quokkas
  18 ball pythons
  7 bats
  9 frilled lizards
  21 rats
198 creatures vanquished.

Vanquished Creatures (others)
  An orc (D:7)
1 creature vanquished.

Grand Total: 206 creatures vanquished

Notes
Turn   | Place    | Note
-------+----------+-------------------------------------------
     0 | D:1      | picklenugget the Deep Elf Summoner began the quest for the
                  | Orb.
     0 | D:1      | Reached XP level 1. HP: 10/10 MP: 6/6
   321 | D:1      | Reached XP level 2. HP: 13/16 MP: 4/8
   933 | D:1      | Reached XP level 3. HP: 20/20 MP: 6/9
   936 | D:1      | Learned a level 2 spell: Call Imp
  1003 | D:1      | Learned a level 3 spell: Call Canine Familiar
  1510 | D:2      | Reached skill level 5 in Summonings
  1694 | D:2      | Reached skill level 1 in Fighting
  1993 | D:2      | Identified the +10 plate armour "Zumpuar" {Slay+3}
  2083 | D:3      | Found a glowing drain.
  2114 | D:3      | Reached XP level 4. HP: 25/25 MP: 9/11
  2127 | D:3      | Learned a level 4 spell: Summon Lightning Spire
  2161 | Sewer    | Entered a sewer
  2166 | Sewer    | Reached skill level 1 in Air Magic
  2669 | Sewer    | Reached XP level 5. HP: 29/29 MP: 11/13
  2891 | D:3      | Reached XP level 6. HP: 25/34 MP: 6/14
  2958 | D:3      | Noticed Jessica
  2972 | D:3      | Killed Jessica
  3062 | D:3      | Noticed Terence
  3074 | D:3      | Killed Terence
  3196 | D:3      | Found a broken altar of Ashenzari.
  3196 | D:3      | Found a blossoming altar of Fedhas.
  3203 | D:3      | Noticed Ijyb
  3218 | D:3      | Killed Ijyb
  3219 | D:3      | Reached skill level 6 in Summonings
  3297 | D:3      | Found a faded altar of an unknown god.
  3299 | D:3      | Found a faded altar of an unknown god.
  3301 | D:3      | Found a radiant altar of Vehumet.
  3512 | D:3      | Noticed Natasha
  3520 | D:3      | Killed Natasha
  3733 | D:3      | Became a worshipper of Beogh the Shepherd
  3912 | D:3      | Reached * piety under Beogh
  4123 | D:4      | Found a transporter.
  4126 | D:4      | Noticed Tanttac's ghost (weakling OpSh)
  4509 | D:4      | Found a snail-covered altar of Cheibriados.
  4546 | D:4      | Reached XP level 7. HP: 13/40 MP: 8/16
  4831 | D:4      | Found a transporter.
  4884 | D:5      | Entered Level 5 of the Dungeon
  4947 | D:5      | Reached skill level 1 in Invocations
  4983 | D:5      | Found a staircase to the Ecumenical Temple.
  5019 | Temple   | Entered the Ecumenical Temple
  5102 | D:5      | Reached skill level 5 in Spellcasting
  5128 | D:5      | Found Xolemnir's General Store.
  5138 | D:5      | Bought a scroll of blinking for 97 gold pieces
  5796 | D:6      | Reached XP level 8. HP: 45/45 MP: 10/18
  5807 | D:6      | Reached skill level 7 in Summonings
  5879 | D:6      | Reached skill level 5 in Air Magic
  5880 | D:6      | Reached skill level 5 in Dodging
  6400 | D:6      | Reached ** piety under Beogh
  6540 | D:6      | Found a sparkling altar of Nemelex Xobeh.
  6740 | D:7      | Noticed a troll
  6745 | D:7      | Killed a troll
  6746 | D:7      | Reached XP level 9. HP: 51/51 MP: 15/20
  6793 | D:7      | Found a shimmering altar of Xom.
  6798 | D:7      | Reached skill level 8 in Summonings
  6799 | D:7      | Reached skill level 5 in Invocations
  7097 | D:7      | Found a stormy altar of Qazlal.
  7644 | D:8      | Noticed a two-headed ogre
  7649 | D:8      | Killed a two-headed ogre
  7707 | D:8      | Noticed a boulder beetle
  7727 | D:8      | Killed a boulder beetle
  7728 | D:8      | Reached skill level 9 in Summonings
  7728 | D:8      | Reached XP level 10. HP: 56/56 MP: 8/23
  7844 | D:8      | Reached *** piety under Beogh
  7896 | D:8      | Identified the +1 war axe "Suokey" {spect, +Blink rElec
                  | Str+6}
  7896 | D:8      | Noticed Ugbert
  8148 | D:8      | Killed from afar by Ugbert the orc apostle

Illustrated notes

Levels and vault maps discovered:
D:1:      giann_forest_graveyard, layout_basic
D:2:      layout_basic, st_stairs_13
D:3:      layout_loops_ring, chequers_temple_overflow_minitemple,
          gup_sewer_entry_pipe, minmay_rat_hole, uniq_jessica, uniq_terence,
          uniq_natasha, uniq_ijyb
D:4:      layout_rooms, mainiacjoe_overflow_surrounded_room,
          gammafunk_ghost_mausoleum
D:5:      layout_loops_ring, minmay_temple_entry_steel_oval, serial_shops,
          nicolae_stop_n_shop_1
D:6:      layout_rooms, nemelex_diamond_rough_becter
D:7:      layout_basic, mainiacjoe_overflow_large_starburst,
          minmay_fountain_box, grunt_ministairs_12
D:8:      layout_gridville
Temple:   zaba_magenta_temple

Skill      XL: |  1  2  3  4  5  6  7  8  9 |
---------------+----------------------------+-----
Dodging        | 3 4 5 6 |  6.6
Summonings     | 5 6 7 9 |  9.1
Fighting       | 1 2 3 4 |  4.1
Air Magic      | 2 3 4 5 7 |  7.5
Spellcasting   | 4 5 6 7 |  7.4
Invocations    | 2 4 6 |  6.5
Stealth        | |  2.4

Action                     |  1- 3 |  4- 6 |  7- 9 | 10-12 || total
---------------------------+-------+-------+-------+-------++-------
  Melee: Unarmed           |    58 |    37 |    14 |       ||   109
         Staff             |       |       |    24 |     2 ||    26
   Cast: Summon Small Mamm |    63 |    39 |     2 |     4 ||   108
         Call Imp          |     1 |    21 |     2 |     2 ||    26
         Call Canine Famil |       |    14 |    10 |     2 ||    26
         Summon Lightning  |       |    10 |    37 |     7 ||    54
 Invoke: Convert to Beogh  |       |     1 |       |       ||     1
  Evoke: Wand              |       |       |       |     3 ||     3
    Use: Scroll            |     4 |     1 |     6 |     1 ||    12
         Potion            |       |     2 |       |     1 ||     3
   Stab: Distracted        |     2 |     1 |       |       ||     3
         Sleeping          |       |     2 |       |       ||     2
 Armour: Robe              |    75 |    56 |    63 |    11 ||   205
         Ice dragon scales |       |     2 |       |       ||     2
  Dodge: Dodged            |    85 |    46 |    66 |    10 ||   207
  Block: Other             |     5 |    28 |    18 |     5 ||    56
         Reflection        |       |     2 |     1 |       ||     3

Table legend: (Time is in decaauts)
 A = Elapsed time spent in this place.
 B = Non-inter-level travel time spent in this place.
 C = Inter-level travel time spent in this place.
 D = Time resting spent in this place.
 E = Time spent auto-exploring this place.
 F = Levels seen in this place.
 G = Mean time per level.
                   A        B        C        D        E       F      G
               +--------+--------+--------+--------+--------+-----+--------+
         Total |   8233 |   8050 |    183 |      3 |   6133 |  10 |  823.3 |
       Dungeon |   7529 |   7346 |    183 |      3 |   5757 |   8 |  941.1 |
        Temple |      1 |      1 |      0 |      0 |      0 |   1 |    1.0 |
         Sewer |    701 |    701 |      0 |      0 |    376 |   1 |  701.0 |
               +--------+--------+--------+--------+--------+-----+--------+

Top non-repeatable levels by time:
     D:3: 1440 daAuts
     D:1: 1098 daAuts
     D:7: 1059 daAuts
     D:2: 930 daAuts
     D:6: 902 daAuts
     D:5: 799 daAuts
     D:4: 794 daAuts
   Sewer: 701 daAuts
     D:8: 504 daAuts
  Temple: 1 daAuts
